 Dungeon Crawl Stone Soup version 0.24.0-125-gc4c63601f3 (webtiles) character file.

Game seed: 3015590220796241547, levelgen mode: deterministic

21 shakethe the Slasher (level 2, 0/34 HPs)
             Began as a Demonspawn Gladiator on Mar 17, 2020.
             Succumbed to a kobold's poison
             ... on level 2 of the Dungeon.
             The game lasted 00:07:10 (815 turns).

shakethe the Slasher (Demonspawn Gladiator)          Turns: 815, Time: 00:07:10

Health: 0/34       AC: 21    Str: 14    XL:     2   Next: 62%
Magic:  2/2        EV:  2    Int:  9    God:
Gold:   87         SH:  0    Dex: 14    Spells: 1/1 levels left

rFire    . . .     SeeInvis .   a - +0 long sword
rCold    . . .     Gourm    .   (no shield)
rNeg     + + +     Faith    .   (armour currently unavailable)
rPois    +         Spirit   .   (helmet currently unavailable)
rElec    .         Reflect  .   (cloak currently unavailable)
rCorr    .         Harm     .   (gloves currently unavailable)
MR       .....     NoTele   +   (boots currently unavailable)
Stlth    +.........             (no amulet)
HPRegen  0.11/turn              (no ring)
MPRegen  0.08/turn              (no ring)

@: lethally poisoned (0 -> -10), tree-form
A: no striking features
a: no special abilities


You were on level 2 of the Dungeon.
You were not hungry.
You were a tree.
You visited 1 branch of the dungeon, and saw 2 of its levels.

You collected 87 gold pieces.

Inventory:

Hand Weapons
 a - a +0 long sword (weapon)
Missiles
 c - 5 javelins (quivered)
 d - 3 throwing nets
Armour
 b - a +0 leather armour
 e - a +0 ring mail
 k - a +0 ring mail (melded)
Scrolls
 h - 3 scrolls of identify {unknown}
 i - a scroll of enchant armour {unknown}
Comestibles
 f - 5 rations


   Skills:
 * Level 2.7 Fighting
 + Level 2.9 Long Blades
 - Level 1.7 Throwing
 + Level 0.8 Armour
 - Level 2.6 Dodging


You had one spell level left.
You didn't know any spells.
Your spell library was empty.

Dungeon Overview and Level Annotations

Branches:
Dungeon (2/15)

Altars:


Innate Abilities, Weirdness & Mutations

((You have a pair of small horns on your head.))


Message History

You closely miss the giant cockroach. You barely miss the giant cockroach.
You feel sick.
The giant cockroach bites you but does no damage. x2
You hit the giant cockroach.
The giant cockroach is almost dead.
The giant cockroach bites you but does no damage.
The worm bites you!
* * * LOW HITPOINT WARNING * * *
You hit the giant cockroach.
You kill the giant cockroach!
* * * LOW HITPOINT WARNING * * *
You feel sick.
The kobold throws a poisoned dart.
The poisoned dart hits you!
You are more poisoned.
* * * LOW HITPOINT WARNING * * *
You feel sick. The worm bites you but does no damage.
The kobold throws a poisoned dart.
The poisoned dart hits you.
As you read the scroll labeled VAWINA WEB ODE, it crumbles to dust.
You feel as if something is helping you.
It was a scroll of remove curse.
You die...

..........#####.........
....##..(.#...K.........
.............$((........
..........#####.........
.....##=######........##
....................##..
.......K...............#
......w†#####.####.....#
....###♣# .).##...#.###
.##> #.# ..............
# ... ...#.###..####
...#. .. #..#....
#...#.... .....#<###
..... .........#.#
...... ...#.....#.#
....... ....###.... .##
##....


You could see a worm and a kobold.

Vanquished Creatures
  A leopard gecko (D:1)
  A bat (D:1)
  A giant cockroach (D:2)
  3 goblins (D:1)
  5 hobgoblins
  2 kobolds (D:1)
  4 rats (D:1)
17 creatures vanquished.

Notes
Turn   | Place    | Note
-------+----------+-------------------------------------------
     0 | D:1      | shakethe the Demonspawn Gladiator began the quest for the
                  | Orb.
     0 | D:1      | Reached XP level 1. HP: 16/16 MP: 1/1
   366 | D:1      | Gained mutation: You have a pair of small horns on your
                  | head. [demonic ancestry]
   366 | D:1      | Reached XP level 2. HP: 23/23 MP: 2/2
   814 | D:2      | HP: 1/34 [poisoned by a kobold]
   815 | D:2      | Succumbed to a kobold's poison

Levels and vault maps discovered:
D:1:      dpeg_arrival_signposts, layout_loops_cross, minmay_misc_feat_plants
D:2:      layout_rooms, grunt_temple_overflow_open, first_ration

Action                   || total
-------------------------++-------
Melee: Long sword        ||    34
       Headbutt          ||     3
  Use: Scroll            ||     1
       Potion            ||     1
Armor: Ring mail         ||    11
       Skin              ||     5
Dodge: Dodged            ||    20
       Rpst.: Long sword ||     5
